 Dungeon Crawl Stone Soup version 0.29.0-11-gd7f09526c8 (webtiles) character file.

Game seed: 7701337300319306487

7630 Strat the Envoy of Void (level 10, -1/86 HPs)
             Began as a Demonspawn Abyssal Knight on Sept 4, 2022.
             Was a High Priest of Lugonu.
             Slain by a vampire (5 damage)
             ... on level 9 of the Dungeon.
             The game lasted 00:23:14 (13374 turns).

Strat the Envoy of Void (DsAK)                     Turns: 13374, Time: 00:23:14

Health: -1/86      AC:  9    Str: 14    XL:     10   Next: 98%
Magic:  20/20      EV: 14    Int: 12    God:    Lugonu [*****.]
Gold:   584        SH:  0    Dex: 17    Spells: 9/9 levels left

rFire   . . .      SeeInvis .   a - +2 falchion
rCold   + . .      Faith    .   (no shield)
rNeg    . . .      Spirit   .   t - +1 ring mail
rPois   .          Reflect  .   (helmet restricted)
rElec   .          Harm     .   (no cloak)
rCorr   .          Rampage  .   (no gloves)
Will    .....                   (no boots)
Stlth   +.........              (no amulet)
HPRegen 0.24/turn               q - ring of protection from cold
MPRegen 0.17/turn               D - +4 ring of evasion

@: about to teleport, studying Fighting
A: horns 2, slimy green scales 2, demonic guardian 2
a: Renounce Religion, Depart the Abyss, Bend Space, Banish, Corrupt, Enter the
Abyss


You were on level 9 of the Dungeon.
You worshipped Lugonu.
Lugonu was extremely pleased with you.
You visited 1 branch of the dungeon, and saw 9 of its levels.
You visited the Abyss 1 time.

You collected 1052 gold pieces.
You spent 468 gold pieces at shops.

Inventory:

Hand Weapons
 a - a +2 falchion (weapon)
 w - a +0 long sword of venom
Missiles
 l - 5 curare-tipped darts
Armour
 b - a +0 leather armour
 t - a +1 ring mail (worn)
Jewellery
 d - a ring of positive energy
 j - an amulet of faith
 p - a ring of flight
 q - a ring of protection from cold (left hand)
 z - a ring of protection from cold
 B - an amulet of the acrobat
 D - a +4 ring of evasion (right hand)
Wands
 c - a wand of paralysis (6)
 i - a wand of light (10)
 y - a wand of polymorph (14)
 F - a wand of mindburst (14)
 G - a wand of flame (20)
 H - a wand of iceblast (4)
Scrolls
 e - 3 scrolls of enchant armour
 f - 2 scrolls of magic mapping
 g - a scroll of poison
 h - 2 scrolls of vulnerability
 u - a scroll of torment {unknown}
 C - 4 scrolls of teleportation
Potions
 k - a potion of cancellation
 m - 2 potions of brilliance
 n - a potion of invisibility
 o - 2 potions of lignification
 r - 2 potions of attraction
 s - a potion of flight
 v - 3 potions of berserk rage
 x - a potion of magic
 A - a potion of ambrosia


   Skills:
 + Level 10.6 Fighting
 + Level 10.2 Long Blades
 - Level 1.9 Armour
 - Level 1.0 Dodging
 - Level 14.6 Invocations


You had 9 spell levels left.
You didn't know any spells.
Your spell library contained the following spells:

 Spells                   Type           Power      Damage    Failure   Level
 Poisonous Vapours        Pois/Air       0%         N/A       69%         2
 Sublimation of Blood     Necr           0%         N/A       69%         2
 Wereblood                Tmut           0%         N/A       69%         2
 Anguish                  Hex/Necr       0%         N/A       100%        4
 Corpse Rot               Necr/Pois/Air  0%         N/A       100%        4
 Summon Forest            Summ/Tloc      0%         N/A       100%        5
 Summon Mana Viper        Hex/Summ       0%         N/A       100%        5
 Summon Cactus Giant      Summ           0%         N/A       100%        6
 Enfeeble                 Hex            0%         N/A       100%        7
 Summon Hydra             Summ           0%         N/A       100%        7


Dungeon Overview and Level Annotations

Branches:
Dungeon (9/15)             Temple (0/1) D:6            Lair (0/5) D:8
    Orc: D:9-12

Altars:
Ashenzari
Fedhas
Gozag
Kikubaaqudgha
Makhleb
Ru
Vehumet
Xom
Yredelemnul

Shops:
D:2 =   D:6 *   D:8 *

Annotations:
D:4 Grinder


Innate Abilities, Weirdness & Mutations

You have a pair of horns on your head.
You are mostly covered in slimy green scales. (AC +3)
A demonic guardian rushes to your aid.


Message History

You slash something! Something completely misses you. Something bites you!
* * * LOW HITPOINT WARNING * * *
Something draws strength from your injuries!
You hit something but do no damage. You headbutt something!
You hear some strange, mumbled words.
You are confused.
You feel much better.
You hear some strange, mumbled words.
Something tries to affect you, but you resist.
You are too confused!
Something hits you!
* * * LOW HITPOINT WARNING * * *
Something bites you.
* * * LOW HITPOINT WARNING * * *
Something draws strength from your injuries!
You hear some strange, mumbled words.
Something tries to affect you, but you resist.
You're too confused to move!
You slash something! Your headbutt misses something.
You hear some strange, mumbled words.
Something tries to affect you, but you resist.
You completely miss something. Something hits you but does no damage.
Something bites you!
* * * LOW HITPOINT WARNING * * *
Something draws strength from your injuries!
Something hits you but does no damage. Something bites you!
* * * LOW HITPOINT WARNING * * *
Something draws strength from your injuries!
You feel less confused.
As you read the scroll of teleportation, it crumbles to dust.
You feel strangely unstable. Something hits you!
* * * LOW HITPOINT WARNING * * *
A demonic guardian appears!
Something barely misses you. Something hits you.
* * * LOW HITPOINT WARNING * * *
Something barely misses you. Something hits you.
* * * LOW HITPOINT WARNING * * *
Something bites you.
You die...

#..## #...#
#..# #.=#
#..## #..8#
#..## ###
#..# #<#
#4@## #.#
#..8# #.#
#..## #.#
#..########
#.#
#.........#
#.#
#########.#
#.# #.# #.#
#.#######.#
#.........#


You could see a friendly hellwing (summoned).

Vanquished Creatures
  A wyvern (D:7)
  A steam dragon (D:7)
  A vampire mosquito (D:7)
  Edmund (D:6)
  An acid dragon (D:8)
  3 water moccasins
  An ice beast (D:5)
  A black bear (D:5)
  2 sky beasts (D:7)
  2 centaurs
  2 ogres
  4 phantoms
  A kobold brigand (D:7)
  5 bullfrogs
  A gnoll sergeant (D:6)
  A scorpion (D:7)
  4 wights
  5 killer bees (D:7)
  3 howler monkeys
  An electric eel (D:7)
  4 hounds
  A jelly (D:7)
  4 orc priests
  Ijyb (D:4)
  3 iguanas
  3 orc wizards
  12 adders
  14 gnolls
  A shadow imp (D:6)
  A white imp (D:3)
  An ufetubus (D:7)
  2 worms
  4 dart slugs
  24 orcs
  8 ball pythons
  4 bats
  3 bat zombies (D:6)
  5 endoplasms (D:4)
  3 giant cockroaches
  11 goblins
  14 hobgoblins
  9 jackals
  6 kobolds
  9 quokkas
  2 frilled lizards (D:1)
  15 rats
205 creatures vanquished.

Vanquished Creatures (collateral kills)
  A centaur (D:7)
  A gnoll sergeant (D:7)
  A wight (D:8)
  2 killer bees (D:7)
  A hound (D:4)
  2 gnoll boudas
  2 gnolls (D:8)
  A worm (D:4)
  A kobold (D:4)
  A ball python (D:4)
13 creatures vanquished.

Vanquished Creatures (others)
  A gnoll (D:7)
  2 plants (D:7)
3 creatures vanquished.

Grand Total: 221 creatures vanquished

Notes
Turn   | Place    | Note
-------+----------+-------------------------------------------
     0 | Abyss:1  | Strat the Demonspawn Abyssal Knight began the quest for the
                  | Orb.
     0 | Abyss:1  | Reached XP level 1. HP: 18/18 MP: 2/2
     1 | D:1      | Escaped the Abyss
    21 | D:1      | Reached skill level 1 in Dodging
   273 | D:1      | Gained mutation: You are partially covered in slimy green
                  | scales. (AC +2) [demonic ancestry]
   273 | D:1      | Reached XP level 2. HP: 24/24 MP: 3/3
   956 | D:2      | Gained mutation: You have a pair of small horns on your
                  | head. [demonic ancestry]
   956 | D:2      | Reached XP level 3. HP: 27/29 MP: 4/4
  1026 | D:2      | Found a faded altar of an unknown god.
  1085 | D:2      | Reached *** piety under Lugonu
  1479 | D:2      | Gained mutation: A weak demonic guardian rushes to your
                  | aid. [demonic ancestry]
  1479 | D:2      | Reached XP level 4. HP: 25/35 MP: 5/5
  1666 | D:2      | Found Umoacw's Jewellery Boutique.
  1775 | D:2      | Identified the +4 ring mail of Tartarus {Int+4}
  2758 | D:4      | Found an opulent altar of Gozag.
  2853 | D:4      | Gained mutation: You are mostly covered in slimy green
                  | scales. (AC +3) [demonic ancestry]
  2853 | D:4      | Reached XP level 5. HP: 33/41 MP: 6/6
  3399 | D:4      | Found a burning altar of Makhleb.
  3411 | D:4      | Found a sacrificial altar of Ru.
  3415 | D:4      | Found a shimmering altar of Xom.
  3416 | D:4      | Found a radiant altar of Vehumet.
  3417 | D:4      | Found a broken altar of Ashenzari.
  3419 | D:4      | Found a basalt altar of Yredelemnul.
  3452 | D:4      | Reached skill level 5 in Long Blades
  3455 | D:4      | Reached **** piety under Lugonu
  3929 | D:4      | Gained mutation: You have a pair of horns on your head.
                  | [demonic ancestry]
  3929 | D:4      | Reached XP level 6. HP: 15/47 MP: 7/7
  4270 | D:4      | Noticed Ijyb
  4300 | D:4      | Paralysed by Ijyb for 4 turns
  4309 | D:4      | Killed Ijyb
  4492 | D:4      | Identified the +3 plate armour of Fun and Games {rPois rF+
                  | Str-2}
  4541 | D:4      | Noticed Grinder
  4547 | D:4      | Paralysed by Grinder for 2 turns
  6263 | D:5      | Entered Level 5 of the Dungeon
  6350 | D:5      | Noticed an ice beast
  6360 | D:5      | Killed an ice beast
  6361 | D:5      | Reached skill level 3 in Invocations
  6361 | D:5      | Reached XP level 7. HP: 52/52 MP: 7/9
  6720 | D:4      | Reached skill level 4 in Invocations
  7246 | D:6      | Reached skill level 5 in Invocations
  7255 | D:6      | Gained mutation: A demonic guardian rushes to your aid.
                  | [demonic ancestry]
  7255 | D:6      | Reached XP level 8. HP: 41/61 MP: 10/12
  7386 | D:6      | Reached skill level 5 in Fighting
  7570 | D:6      | Found a blossoming altar of Fedhas.
  7573 | D:6      | Identified 2 scrolls of acquirement
  7573 | D:6      | Acquired a manual of Fighting
  7575 | D:6      | Acquired 498 gold pieces
  7612 | D:6      | Noticed Edmund
  7649 | D:6      | Killed Edmund
  7650 | D:6      | Reached skill level 6 in Invocations
  7790 | D:6      | Found an ancient bone altar of Kikubaaqudgha.
  8111 | D:6      | Found a staircase to the Ecumenical Temple.
  8302 | D:6      | Reached ***** piety under Lugonu
  8317 | D:6      | Reached skill level 7 in Invocations
  8516 | D:6      | Found Kakkeng's Fire Supplies.
  8831 | D:2      | Bought a +4 ring of evasion for 468 gold pieces
  9336 | D:7      | Reached XP level 9. HP: 37/74 MP: 14/14
 10472 | D:8      | Found Laotwuk's Overcharged Wands.
 11014 | D:8      | Found a staircase to the Lair.
 11179 | D:7      | Reached skill level 10 in Fighting
 12068 | D:7      | Reached skill level 10 in Long Blades
 12338 | D:7      | Reached skill level 14 in Invocations
 12338 | D:7      | Reached XP level 10. HP: 84/85 MP: 14/20
 13374 | D:9      | HP: 4/86 [something (5)]
 13374 | D:9      | Slain by a vampire

Illustrated notes

Levels and vault maps discovered:
D:1:      nicolae_arrival_memento_mori, layout_loops_cross,
          minmay_rat_gold_closets
D:2:      layout_loops_ring, dreamdust_ecumenical_altar_angels_and_demons,
          serial_shops, nicolae_shop_advertising_works
          [nicolae_subvault_shop_adworks], minmay_goblin_outpost
D:3:      layout_loops_corners, st_stairs_7
D:4:      layout_basic, grunt_temple_overflow_gold_and_silver, minitemple,
          nzn_random_ring, uniq_ijyb, uniq_grinder
D:5:      layout_cave_pools
D:6:      layout_loops_ring, lemuel_zombie_altar_kikubaaqudgha,
          mainiacjoe_overflow_cross_hatched, minmay_temple_entry_crystal_x,
          nicolae_kite_square_tiling_tiny, nicolae_shop_fire_sale
          [nicolae_sub_dead_trees], uniq_edmund
D:7:      nzn_winding_woodlands_stair_cross
          [nzn_winding_woodlands_5x15_sawtooth,
          nzn_winding_woodlands_center_pierced_h,
          nzn_winding_woodlands_5x15_river_crossing,
          nzn_winding_woodlands_5x5_checkerboard,
          nzn_winding_woodlands_5x5_perimeter,
          nzn_winding_woodlands_5x15_split_checker,
          nzn_winding_woodlands_center_triple_pond,
          nzn_winding_woodlands_5x15_lazy_stream], layout_basic, minmay_circle_x
D:8:      layout_basic, lair_entry_dummy, enter_bailey_7, nrook_campfire,
          nicolae_shop_overcharged_wands
D:9:      layout_basic, gammafunk_temple_overflow_pools, serial_corexii_hall,
          chequers_hall_statues_y, chequers_hall_statues_wall_a, uniq_joseph

Skill      XL: |  1  2  3  4  5  6  7  8  9 |
---------------+----------------------------+-----
Dodging        | 1 |  1.0
Long Blades    | 2 3 4 5 7 8 10 | 10.2
Invocations    | 3 5 7 14 | 14.6
Fighting       | 4 8 10 | 10.6
Armour         | |  1.9

Action                   |  1- 3 |  4- 6 |  7- 9 | 10-12 || total
-------------------------+-------+-------+-------+-------++-------
Melee: Falchion          |   102 |   259 |   371 |    64 ||   796
       Headbutt          |    10 |    49 |    66 |    18 ||   143
       Punch             |       |     2 |     7 |     1 ||    10
Evoke: Wand              |       |     3 |     9 |     1 ||    13
  Use: Scroll            |       |     3 |    19 |     1 ||    23
       Potion            |       |     2 |     3 |     1 ||     6
 Stab: Sleeping          |     2 |       |       |       ||     2
       Paralysed         |       |     6 |     7 |       ||    13
       Invisible         |       |       |     1 |       ||     1
Armor: Leather armour    |    41 |    28 |       |       ||    69
       Ring mail         |       |    67 |   111 |    33 ||   211
Dodge: Dodged            |    55 |   137 |   222 |    69 ||   483
